 Dungeon Crawl Stone Soup version 0.24.0-28-g17ded55e90 (webtiles) character file.

Game seed: 11920853286913335064, levelgen mode: deterministic

172598 Flugslaktarn the Severer (level 16, -3/151 HPs)
             Began as a Deep Dwarf Fighter on Nov 11, 2019.
             Was the Champion of Makhleb.
             Slain by an ironbrand convoker
             ... wielding a +0 dire flail
              (11 damage)
             ... on level 1 of the Vaults on Nov 12, 2019.
             The game lasted 00:22:04 (19091 turns).

Flugslaktarn the Severer (Deep Dwarf Fighter)      Turns: 19091, Time: 00:22:05

Health: -3/151     AC: 21    Str: 19 (28) XL:     16   Next: 85%
Magic:  14/14      EV:  9    Int: 10      God:    Makhleb [******]
Gold:   1024       SH: 12    Dex:  4 (12) Spells: 15/15 levels left

rFire    . . .     SeeInvis .   I - +1 broad axe
rCold    . . .     Gourm    .   c - +0 shield
rNeg     + . .     Faith    +   E - +0 plate armour
rPois    .         Spirit   .   f - +0 helmet
rElec    .         Reflect  .   x - +0 cloak
rCorr    .         Harm     .   (no gloves)
MR       ++...                  q - +1 pair of boots
Stlth    ..........             H - amulet of faith
HPRegen  0.00/turn              i - +2 ring of strength
MPRegen  0.14/turn              v - +3 ring of evasion

@: non-regenerating
A: damage resistance, heal wounds, hooves 1, negative energy resistance 1, sense
surroundings 3, subdued magic 1, no regeneration
}: 2/15 runes: decaying, gossamer
a: Heal Wounds, Minor Destruction, Lesser Servant of Makhleb, Major Destruction,
Greater Servant of Makhleb, Renounce Religion


You were on level 1 of the Vaults.
You worshipped Makhleb.
Makhleb was exalted by your worship.
You were very hungry.

You visited 6 branches of the dungeon, and saw 29 of its levels.
You visited the Abyss 1 time.
You visited 1 bazaar.

You collected 1637 gold pieces.
You spent 613 gold pieces at shops.

Inventory:

Hand Weapons
 a - a +0 vampiric war axe
   (You bought it in a shop on level 6 of the Dungeon)
 b - a +2 war axe of flaming
   (You took it off an orc on level 10 of the Dungeon)
 I - a +1 broad axe (weapon)
   (You bought it in a shop on level 6 of the Dungeon)
Missiles
 o - a throwing net (quivered)
Armour
 c - a +0 shield (worn)
 f - a +0 helmet (worn)
   (You found it on level 1 of the Dungeon)
 g - a +2 pair of gloves
   (You bought it in a shop in a bazaar)
 q - a +1 pair of boots (worn)
   (You found it on level 13 of the Dungeon)
 x - a +0 cloak (worn)
   (You found it on level 7 of the Dungeon)
 E - a +0 plate armour (worn)
   (You took it off an orc warrior on level 7 of the Dungeon)
Jewellery
 i - a +2 ring of strength (left hand)
   (You found it on level 1 of the Swamp)
 k - an uncursed ring of resist corrosion
   (You found it on level 4 of the Dungeon)
 n - an uncursed ring of positive energy
   (You found it on level 10 of the Dungeon)
 v - a +3 ring of evasion (right hand)
   (You found it on level 1 of the Swamp)
 H - an amulet of faith (around neck)
   (You found it on level 9 of the Dungeon)
Wands
 y - a wand of enslavement (10)
   (You found it on level 8 of the Dungeon)
 C - a wand of paralysis (11)
   (You found it on level 8 of the Dungeon)
 D - a wand of acid (30)
   (You found it on level 8 of the Dungeon)
 K - a wand of iceblast (32)
   (You took it off an orc priest on level 10 of the Dungeon)
 Q - a wand of clouds (7)
   (You found it on level 4 of the Lair of Beasts)
Scrolls
 l - 10 scrolls of remove curse
 m - 3 scrolls of fog
 r - a scroll of identify
 t - 4 scrolls of teleportation
 G - a scroll of fear
 J - 5 scrolls of immolation
 L - a scroll of summoning
Potions
 d - 4 potions of might
 h - 4 potions of haste
 j - 3 potions of invisibility
 p - 4 potions of ambrosia
 s - 3 potions of agility
 A - 4 potions of mutation
 B - a potion of cancellation
 F - 3 potions of lignification
 M - a potion of magic
 N - a potion of brilliance
Comestibles
 e - 39 rations


   Skills:
 + Level 11.6 Fighting
 * Level 17.8 Axes
 + Level 13.4 Armour
 + Level 13.4 Shields
 + Level 14.8 Invocations
 + Level 12.8 Evocations


You had 15 spell levels left.
You didn't know any spells.
Your spell library was empty.

Dungeon Overview and Level Annotations

Branches:
Dungeon (13/15)            Temple (1/1) D:4            Lair (6/6) D:11
  Swamp (4/4) Lair:4       Spider (4/4) Lair:4        Slime (0/5) Lair:6
    Orc (0/2) D:11         Vaults (1/5) D:13

Altars:
Ashenzari
Cheibriados
Dithmenos
Elyvilon
Fedhas
Gozag
Kikubaaqudgha
Makhleb
Nemelex Xobeh
Okawaru
Qazlal
Ru
Sif Muna
Trog
Uskayaw
Vehumet
Wu Jian
Yredelemnul
Zin
The Shining One

Shops:
D:4 :   D:6 (   D:9 (   D:10 *

Annotations:
D:8 exclusion: door
Lair:3 3 runed translucent doors, Roann's ghost, journeyman MiFi
Lair:4 3 runed translucent doors, Ratty's ghost, journeyman DENe
Lair:5 3 runed translucent doors, Darubir's ghost, journeyman CeAM
Lair:6 1 runed translucent door
Swamp:2 3 runed translucent doors, Piask's ghost, adept FoAK


Innate Abilities, Weirdness & Mutations

You are resistant to damage.
You can heal yourself by infusing magical energy.
You resist negative energy. (rN+)
You passively map a large area around you.
You do not regenerate.
You have large cloven feet.
Your spells are a little easier to cast, but a little less powerful.


Message History

You hear a shout!
You slash the ironbrand convoker!
The ironbrand convoker is heavily wounded.
You hit the cyclops but do no damage.
You hit the ironbrand convoker but do no damage.
You closely miss the orc warrior. You barely miss the rakshasa.
The ironbrand convoker gestures at the orc sorcerer while chanting.
The orc sorcerer seems to grow stronger.
You block the rakshasa's attack.
The orc warrior hits you but does no damage.
The ironbrand convoker hits you with a +0 flail.
The cyclops hits you!!
* * * LOW HITPOINT WARNING * * *
You are too injured to fight recklessly!
Unknown command.
Okay, then.
Unknown command.
A demon appears!
The ironbrand convoker hits you with a +0 dire flail!
You die...

######## #......# #)..#
######## #'#######
##.......# **
#############....####. ,
, #.........##...###†.##
* #......[..#(..###'##.#
, #......(..(...##...##.
, *
#..4o.....#..##.....## *
,#..oR@4...#..##.....## ,
*, ,
#..cpCp3..#..##.....## ,,
* ,,
..'..33o55..'.#.##...##.
,,
,..#...5.....#.##.##†###.
,, * , ,.
#.........##.##..## .. **
, , .'.........# #.####
... * *###'######### * ,
,..# #. ,, ,, * *'** , ,
, * , ,


You could see a yaktaur captain, a rakshasa, a cyclops, 2 ironbrand convokers,
an ice devil, 2 sixfirhies, a ynoxinul, 2 orc sorcerers, an orc warrior, 3
ufetubi and a friendly orange demon.

Vanquished Creatures
  A thorn hunter (Swamp:4)
  Gastronok (D:10)
  3 ghost moths (Spider:4)
  2 emperor scorpions
  Aizul (Swamp:3)
  An ironheart preserver (Vaults:1)
  3 spark wasps (Spider:4)
  2 ogre magi (Vaults:1)
  A catoblepas (Abyss:3)
  A ghost crab (Swamp:4)
  22 hydras
  8 vault guards (D:13)
  An anaconda (Abyss:3)
  10 two-headed ogres
  A centaur warrior (Vaults:1)
  5 alligators
  13 swamp dragons
  A spriggan druid (Swamp:4)
  An ironbrand convoker (Vaults:1)
  Pikel (D:8)
  A harpy (shapeshifter) (D:9)
  A necromancer (Vaults:1)
  2 lindwurms (Lair:6)
  3 orc knights (Vaults:1)
  A mana viper (Abyss:3)
  12 orb spiders
  An ugly thing (D:11)
  17 wolf spiders
  A cyclops (Vaults:1)
  A moth of wrath (Spider:4)
  10 elephants
  7 torpor snails
  A black mamba (Lair:3)
  2 vault sentinels (Vaults:1)
  2 rime drakes (Lair:3)
  19 spiny frogs
  6 demonic crawlers
  A freezing wraith (Vaults:1)
  15 komodo dragons
  2 human skeletons (Vaults:1)
  A yaktaur (Vaults:1)
  A yaktaur skeleton (Vaults:1)
  A queen bee (shapeshifter) (Vaults:1)
  6 trolls
  17 hornets
  8 tyrant leeches
  25 jumping spiders
  A raiju (Abyss:3)
  Grinder (D:3)
  8 hippogriffs
  3 bog bodies
  14 slime creatures
  10 dream sheep (Lair:6)
  8 blink frogs (Lair:3)
  45 redbacks
  A spriggan (Swamp:1)
  2 shadows
  2 wyverns
  17 tarantellas
  4 fire bats (D:8)
  A basilisk (D:11)
  3 hungry ghosts (D:12)
  A wraith (D:11)
  25 yaks
  17 vampire mosquitoes
  A steam dragon (Lair:4)
  18 insubstantial wisps
  A warg (Vaults:1)
  A soldier ant (D:12)
  13 swamp worms
  8 water moccasins
  2 acid dragons (Vaults:1)
  2 hell hounds
  10 porcupines
  13 swamp drakes
  8 orc warriors
  An ice beast (D:10)
  2 slaves (D:8)
  A black bear (D:10)
  A sky beast (D:7)
  2 eyes of draining
  3 phantoms
  16 ogres
  10 centaurs
  An orc skeleton (Vaults:1)
  11 crocodiles
  3 big kobolds
  18 bullfrogs
  3 gnoll sergeants
  3 scorpions
  A human simulacrum (Vaults:1)
  3 killer bees (D:11)
  2 howler monkeys
  5 wights (D:10)
  10 electric eels
  2 centaur zombies
  5 crimson imps
  A quasit (D:9)
  5 jellies
  A yaktaur simulacrum (Vaults:1)
  3 centaur skeletons
  6 orc priests
  10 hounds
  3 orc wizards
  A bullfrog skeleton (D:8)
  3 iguanas
  7 worker ants
  A killer bee zombie (D:8)
  A hound zombie (D:11)
  2 hound skeletons
  3 worker ant zombies
  14 gnolls
  6 adders
  A howler monkey skeleton (D:10)
  A shadow imp (D:8)
  6 oozes
  An adder zombie (D:10)
  An adder skeleton (D:5)
  3 leopard geckos
  46 orcs
  A ball python (D:4)
  3 bats
  A giant cockroach (D:6)
  2 hobgoblins (D:1)
  6 jackals
  5 quokkas
  A frilled lizard (D:4)
  A jackal skeleton (D:4)
  2 jackal zombies
  13 kobolds
  4 rats
  4 fungi
  9 plants
764 creatures vanquished.

Vanquished Creatures (collateral kills)
  An emperor scorpion (Spider:4)
  2 redbacks (Spider:4)
3 creatures vanquished.

Vanquished Creatures (others)
  A wolf spider (Spider:4)
  A jumping spider (Spider:4)
  2 redbacks
  2 tarantellas (Spider:4)
  A vampire mosquito (Swamp:2)
  A river rat (shapeshifter) (Vaults:1)
  A fire vortex (D:8)
  4 fungi
  11 plants
24 creatures vanquished.

Grand Total: 791 creatures vanquished

Notes
Turn   | Place    | Note
-------+----------+-------------------------------------------
     0 | D:1      | Flugslaktarn the Deep Dwarf Fighter began the quest for the
                  | Orb.
     0 | D:1      | Reached XP level 1. HP: 20/20 MP: 1/1
   114 | D:1      | Reached XP level 2. HP: 20/27 MP: 2/2
   289 | D:3      | Noticed Grinder
   289 | D:3      | Paralysed by Grinder for 3 turns
   319 | D:3      | Paralysed by Grinder for 6 turns
   328 | D:3      | Paralysed by Grinder for 3 turns
   344 | D:3      | Killed Grinder
   344 | D:3      | Reached skill level 4 in Axes
   344 | D:3      | Reached XP level 3. HP: 25/34 MP: 1/1
   344 | D:3      | Reached XP level 4. HP: 31/42 MP: 2/2
   344 | D:3      | Reached XP level 5. HP: 36/49 MP: 3/3
   402 | D:4      | Found a staircase to the Ecumenical Temple.
   480 | D:4      | Noticed a phantom
   542 | D:4      | Killed a phantom
   542 | D:4      | Reached XP level 6. HP: 25/57 MP: 4/4
   600 | Temple   | Entered the Ecumenical Temple
   718 | Temple   | Became a worshipper of Makhleb the Destroyer
   783 | D:4      | Reached skill level 5 in Axes
   809 | D:4      | Reached skill level 1 in Invocations
   993 | D:4      | Found Junoergh's Book Shop.
  1206 | D:4      | Found a stormy altar of Qazlal.
  1289 | D:5      | Entered Level 5 of the Dungeon
  1360 | D:5      | Reached XP level 7. HP: 25/64 MP: 6/6
  1361 | D:5      | Reached * piety under Makhleb
  2111 | D:6      | Reached skill level 5 in Armour
  2111 | D:6      | Reached skill level 5 in Shields
  2197 | D:6      | Reached skill level 6 in Axes
  2234 | D:6      | Found Uruik's Antique Weapon Shoppe.
  2242 | D:6      | Bought a glowing war axe for 123 gold pieces
  2242 | D:6      | Bought a broad axe for 76 gold pieces
  2581 | D:7      | Reached XP level 8. HP: 25/73 MP: 7/7
  2715 | D:7      | Reached skill level 7 in Axes
  3162 | D:8      | Noticed a two-headed ogre
  3188 | D:7      | Killed a two-headed ogre
  3188 | D:7      | Reached skill level 5 in Fighting
  3188 | D:7      | Reached skill level 8 in Axes
  3188 | D:7      | Reached skill level 5 in Invocations
  3188 | D:7      | Gained mutation: You passively map the area around you.
                  | [Deep Dwarf growth]
  3188 | D:7      | Reached XP level 9. HP: 41/81 MP: 7/9
  3469 | D:8      | Reached ** piety under Makhleb
  3656 | D:8      | Found a glowing silver altar of Zin.
  3680 | D:8      | Reached skill level 9 in Axes
  3742 | D:8      | Noticed Pikel
  3772 | D:8      | Killed Pikel
  3772 | D:8      | Reached XP level 10. HP: 62/91 MP: 10/10
  3921 | D:8      | Noticed a two-headed ogre
  3944 | D:8      | Killed a two-headed ogre
  3944 | D:8      | Reached skill level 10 in Axes
  4558 | D:9      | Reached *** piety under Makhleb
  4647 | D:9      | Found Waumeaty's Antique Weapon Shoppe.
  4676 | D:9      | Noticed a harpy
  4693 | D:9      | Killed a harpy
  4777 | D:9      | Found a sparkling altar of Nemelex Xobeh.
  5012 | D:9      | Found a glowing golden altar of the Shining One.
  5186 | D:10     | Entered Level 10 of the Dungeon
  5210 | D:10     | Reached skill level 11 in Axes
  5231 | D:10     | Reached XP level 11. HP: 100/100 MP: 12/12
  5301 | D:10     | Noticed a two-headed ogre
  5315 | D:10     | Killed a two-headed ogre
  5420 | D:10     | Reached **** piety under Makhleb
  5551 | D:10     | Reached skill level 1 in Evocations
  5872 | D:10     | Found Lyr Ypauqye's General Store.
  5976 | D:10     | Bought a potion of might for 48 gold pieces
  5976 | D:10     | Bought a scroll of remove curse for 36 gold pieces
  5976 | D:10     | Noticed Gastronok
  6000 | D:10     | Killed Gastronok
  6068 | D:10     | Gained mutation: You have large cloven feet. [potion of
                  | mutation]
  6068 | D:10     | Gained mutation: Your spells are a little easier to cast,
                  | but a little less powerful. [potion of mutation]
  6068 | D:10     | Gained mutation: You passively map a large area around you.
                  | [potion of mutation]
  6240 | D:11     | Found a staircase to the Lair.
  6270 | D:11     | Noticed a white ugly thing
  6289 | D:11     | Killed a white ugly thing
  6386 | D:11     | Found a staircase to the Orcish Mines.
  6402 | D:11     | Reached skill level 12 in Axes
  6453 | D:11     | Reached ***** piety under Makhleb
  6726 | D:11     | Found a shadowy altar of Dithmenos.
  6944 | Lair:1   | Entered Level 1 of the Lair of Beasts
  7104 | Lair:1   | Reached XP level 12. HP: 110/110 MP: 14/14
  7158 | Lair:1   | Found an ornate altar of the Wu Jian Council.
  7200 | Lair:1   | Noticed a four-headed hydra
  7210 | Lair:1   | Killed a one-headed hydra
  7402 | Lair:1   | Reached skill level 10 in Invocations
  7463 | Lair:1   | Reached skill level 5 in Evocations
  7771 | Lair:2   | Noticed a seven-headed hydra
  7797 | Lair:2   | Killed a four-headed hydra
  7804 | Lair:2   | Noticed an eight-headed hydra
  7818 | Lair:2   | Killed a two-headed hydra
  7865 | Lair:2   | Reached skill level 13 in Axes
  8525 | Lair:3   | Reached skill level 10 in Shields
  8591 | Lair:3   | Reached skill level 10 in Armour
  8644 | Lair:3   | Found a runed translucent gate.
  8645 | Lair:3   | Found a runed translucent gate.
  8646 | Lair:3   | Found a runed translucent gate.
  8647 | Lair:3   | Noticed Roann's ghost (journeyman MiFi)
  9175 | Lair:3   | Reached XP level 13. HP: 120/120 MP: 16/16
  9439 | Lair:4   | Found a hole to the Spider Nest.
  9843 | Lair:4   | Found a staircase to the Swamp.
  9912 | Lair:4   | Reached skill level 14 in Axes
  9964 | Lair:4   | Found a runed translucent gate.
  9965 | Lair:4   | Found a runed translucent gate.
  9966 | Lair:4   | Found a runed translucent gate.
  9967 | Lair:4   | Noticed Ratty's ghost (journeyman DENe)
  9990 | Lair:4   | Reached ****** piety under Makhleb
 10555 | Lair:5   | Found a runed translucent gate.
 10555 | Lair:5   | Found a runed translucent gate.
 10555 | Lair:5   | Found a runed translucent gate.
 10962 | Lair:5   | Noticed Darubir's ghost (journeyman CeAM)
 11276 | Lair:6   | Entered Level 6 of the Lair of Beasts
 11862 | Lair:6   | Found a staircase to the Slime Pits.
 12157 | Lair:6   | Found a runed translucent door.
 12198 | Lair:6   | Paralysed by a hornet for 1 turns
 12250 | Lair:6   | Paralysed by a hornet for 2 turns
 12659 | Swamp:1  | Entered Level 1 of the Swamp
 12684 | Swamp:1  | Gained mutation: You resist negative energy. (rN+) [Deep
                  | Dwarf growth]
 12684 | Swamp:1  | Reached XP level 14. HP: 125/129 MP: 18/18
 13215 | Swamp:1  | Reached skill level 15 in Axes
 13734 | Swamp:2  | Reached skill level 10 in Fighting
 13913 | Swamp:2  | Found a runed translucent gate.
 13916 | Swamp:2  | Found a runed translucent gate.
 13923 | Swamp:2  | Found a runed translucent gate.
 13925 | Swamp:2  | Noticed Piask's ghost (adept FoAK)
 14113 | Swamp:4  | Entered Level 4 of the Swamp
 14201 | Swamp:4  | Reached skill level 10 in Evocations
 14231 | Swamp:4  | Noticed a thorn hunter
 14248 | Swamp:4  | Killed a thorn hunter
 14337 | Swamp:4  | Reached XP level 15. HP: 106/139 MP: 16/16
 14352 | Swamp:4  | Reached skill level 16 in Axes
 14387 | Swamp:4  | Got a decaying rune of Zot
 14415 | Swamp:3  | Noticed Aizul
 14435 | Swamp:3  | Killed Aizul
 14634 | Spider:1 | Entered Level 1 of the Spider Nest
 15083 | Spider:2 | Paralysed by a hornet for 1 turns
 15317 | Spider:4 | Entered Level 4 of the Spider Nest
 15699 | Spider:4 | HP: 4/140 [poisoned by a redback]
 15872 | Spider:4 | Killed a ghost moth
 16219 | Spider:4 | Reached XP level 16. HP: 143/150 MP: 14/14
 16317 | Spider:4 | Reached skill level 17 in Axes
 16328 | Spider:4 | Cast into level 3 of the Abyss (the power of Zot)
 16614 | Spider:4 | Escaped the Abyss
 16632 | Spider:4 | Paralysed by a hornet for 2 turns
 16778 | Spider:4 | Got a gossamer rune of Zot
 17419 | D:12     | Identified a scroll of acquirement
 17420 | D:12     | Got a pitted executioner's axe
 17443 | D:12     | Identified the +1 executioner's axe "Safom" {venom, *Slow
                  | rPois Dex+3} (You acquired it on level 12 of the Dungeon)
 17524 | D:12     | Found a gateway to a bazaar.
 17535 | Bazaar   | Entered a bazaar
 17548 | Bazaar   | Found Notez's Antique Weapon Emporium.
 17559 | Bazaar   | Found Ruag Utsoi's Antique Weapon Shoppe.
 17575 | Bazaar   | Found Febrix's Antique Armour Emporium.
 17586 | Bazaar   | Found Bofomazou's Antique Armour Shoppe.
 17644 | Bazaar   | Bought a pair of glowing gloves for 165 gold pieces
 17655 | Bazaar   | Bought a pair of embroidered gloves for 165 gold pieces
 17831 | D:12     | Found a blossoming altar of Fedhas.
 18055 | D:13     | Found a gate to the Vaults.
 18263 | Vaults:1 | Entered Level 1 of the Vaults
 19057 | Vaults:1 | Got a pair of ancient gloves
 19068 | Vaults:1 | Identified the +0 pair of gloves of Paranoia {rN+ MR- rCorr
                  | Dex+3} (You found it on level 1 of the Vaults)
 19091 | Vaults:1 | Slain by an ironbrand convoker

Levels and vault maps discovered:
D:1:      nzn_arrival_water_spiral, layout_rooms
D:2:      layout_loops_ring, regret_index_temple_of_mockery
D:3:      minmay_chambers_of_threes, layout_basic, item_on_display_a,
          uniq_grinder, uniq_crazy_yiuf_cottage
D:4:      layout_basic, kennysheep_mini, minmay_temple_entry_glass,
          serial_shops, shop
D:5:      layout_loops_ring, first_ration, due_unseen_surprise
D:6:      layout_cave_pools, serial_shops, nicolae_shop_statue_plus
D:7:      layout_basic, lightli_orcish_oven
D:8:      layout_cave_pods, zin_statuary, hangedman_incinerator, uniq_pikel
D:9:      layout_long_grid, nicolae_tso_swordbearing_angel,
          nemelex_xobeh_ov_fountains_minmay, serial_shops, shop,
          hangedman_little_slice_of_home, hangedman_decor_points
D:10:     layout_loops_ring, serial_shops, shop, uniq_gastronok
D:11:     layout_rooms, david_lair_shrubbed,
          kennysheep_orc_monster_closet_entryway, serial_bayou_lagoon_a,
          nicolae_dithmenos_shadow_blocks
D:12:     layout_roguey, serial_shops, bzr_in_the_mist, tgw_fedhas
D:13:     layout_irregular_city, erik_vaults_2, uniq_jorgrun
Temple:   compressed_dpeg_circular_temple
Lair:1:   layout_chaotic_city, basic_altar
Lair:2:   layout_cave_pods
Lair:3:   layout_chaotic_city, serial_bayou, serial_bayou_lagoon_b,
          serial_bayou_pond_b, serial_bayou_ford_a, serial_bayou_pond_b,
          gammafunk_ghost_necromancy, lemuel_fruit_tree
Lair:4:   layout_roguey, palyth_hydra_swamp_entry, spider_nest_entry_a,
          ebering_ghost_rock_garden
Lair:5:   layout_gridlike, gammafunk_ghost_icy, serial_forest,
          infiniplex_forest_clump_long, infiniplex_forest_end_1,
          infiniplex_forest_end_2, infiniplex_forest_lined_4_way,
          infiniplex_forest_straight_3, chequers_serial_rivers_small_a,
          serial_bayou_lake_a, infiniplex_staircase_pool
Lair:6:   wormcave, layout_gridlike, slime_dummy, serial_bayou_shore_b
Swamp:1:  layout_basic_swamp, serial_swamp_ruin, evilmike_swamp_ruin_house_1,
          evilmike_swamp_ruin_house_3
Swamp:2:  layout_basic_swamp, gammafunk_ghost_hydra_chop,
          evilmike_swamp_ruin_rubble_2, swamp_pool5
Swamp:3:  layout_basic_swamp, evilmike_swamp_ruin_house_2, uniq_donald,
          uniq_aizul
Swamp:4:  swamp, layout_basic_swamp, swamp_pool2
Spider:1: nicolae_spider_mines_2
Spider:2: layout_spider_delve
Spider:3: layout_chambers
Spider:4: grunt_spider_rune_parallel
Vaults:1: grunt_vaults_swirl, nicolae_vaults_circle_grid_b, grunt_vaults_funnel,
          v_misc_31, nicolae_vaults_big_angled_halls, ontoclasm_vaults_tryst,
          v_rooms_1, vaults_dpeg_cross, grunt_vaults_trifunnel,
          layout_vaults_omnibox

Skill      XL: |  1  2  3  4  5  6  7  8  9 10 11 12 13 14 15 16 |
---------------+-------------------------------------------------+-----
Fighting       | 3 4 5 6 7 8 9 10 11 | 11.6
Axes           | 4 5 6 8 9 11 12 13 14 15 16 17 | 17.8
Armour         | 4 5 6 7 8 9 10 11 12 13 | 13.4
Shields        | 4 5 6 7 8 9 10 11 12 13 | 13.4
Invocations    | 1 3 5 6 8 9 10 12 13 14 | 14.8
Evocations     | 4 6 8 10 11 12 | 12.8

Action                   |  1- 3 |  4- 6 |  7- 9 | 10-12 | 13-15 | 16-18 || total
-------------------------+-------+-------+-------+-------+-------+-------++-------
Melee: War axe           |    70 |   101 |   335 |  1082 |  1863 |   830 ||  4281
       Broad axe         |       |       |       |       |       |   196 ||   196
Invok: Greater Servant o |       |       |       |       |     4 |       ||     4
       Lesser Servant of |       |       |       |       |     2 |     1 ||     3
 Abil: Heal Wounds       |     4 |     2 |    13 |    14 |    36 |    12 ||    81
Evoke: Wand              |       |       |       |     3 |     9 |     1 ||    13
  Use: Scroll            |       |       |     6 |     2 |    13 |     6 ||    27
       Potion            |       |       |       |     1 |    14 |     4 ||    19
 Stab: Distracted        |       |       |       |       |     1 |       ||     1
       Confused          |       |       |       |       |     1 |       ||     1
       Paralysed         |       |       |       |       |       |     7 ||     7
       Sleeping          |       |       |       |       |       |     1 ||     1
  Eat: Chunk             |       |     2 |     8 |    20 |    22 |     9 ||    61
       Ration            |       |       |       |       |     1 |     2 ||     3
Armor: Scale mail        |    46 |    25 |       |       |       |       ||    71
       Chain mail        |       |       |   158 |       |       |       ||   158
       Plate armour      |       |       |   126 |   569 |   531 |   221 ||  1447
       Swamp dragon scal |       |       |       |       |   691 |   218 ||   909
Dodge: Dodged            |    31 |    27 |   114 |   242 |   887 |   299 ||  1600
Block: Shield            |    36 |    65 |   250 |   659 |  1284 |   501 ||  2795
